Description

The exact build order used by Bravo in this Replay. A better description and analysis of how to use the build order can be found at Reaper FE - Fast 3 CC - No Hellion - Bio Liberator (TvZ Economic).

VOD

https://www.youtube.com/watch?v=mDOyxl6cnkg&feature=youtu.be&t=559

Build Order

Get SALT Encoding   

  14  0:18  Supply Depot  
  16  0:40  Barracks  
  16  0:47  Refinery  
  19  1:28  Orbital Command  First CC
  19  1:30  Reaper  
  20  1:40  Command Center  
  20  1:49  Supply Depot  
  21  2:03  Barracks Reactor  Make 4 marines
  23  2:27  Factory  
  24  2:35  Command Center  
  28  2:54  Orbital Command  Second CC
  31  3:07  Refinery  
  31  3:11  Starport  
  35  3:32  Barracks Tech Lab  On Barracks 1
  35  3:41  Refinery x2  
  39  3:51  Orbital Command  Third CC
  39  3:52  Liberator  Start Liberator Production
  41  3:59  Marine  5th Marine
  42  4:06  Factory Reactor  
  44  4:10  Barracks x2  Build one on first Reactor
  48  4:24  Stimpack  
  49  4:35  Engineering Bay x2  
  56  4:59  Barracks x2  Start as other Barracks are finishing
  59  5:03  Factory Reactor  
  59  5:15  Terran Infantry Armor Level 1, Terran Infantry Weapons Level 1  
  76  5:47  Factory Reactor  
  76  5:49  Barracks Reactor x2  On Barracks 4 and 5
  86  6:09  Medivac x2  Attach Reactor to Starport, Liberator Total: 3
  91  6:19  Armory  
  91  6:22  Refinery  
  93  6:25  Combat Shields  When Stimpack finishes
  93  6:34  Widow Mine x2  Begin 2x Mine production
Spawning Tool Build Advisor. Get it on Overwolf

Go to:

Details

  • Created by: ColdLogic
  • Published on: Dec 26, 2015
  • Modified on: Dec 28, 2015
  • Patch: Pre-3.8.0
Show
View Real Time Build Order
Export as new Build Order

Comments (3)

On May 17, 2016, 1:09 p.m., nicklan12  said:

Thank you for the build. Salt code works! I really appreciate it

On Dec. 27, 2015, 10:52 p.m., ColdLogic  said:

It looks like the SALT encoding is in version 4, but version 5 is out. Here is a paste bin of the encoding that should put reactors into the builds at the correct times.

http://pastebin.com/sQKSeazR

On Dec. 26, 2015, 2:58 p.m., ColdLogic  said:

For some reason, SALT isn't recognizing reactors and adding them into the build order.

Create an account to comment!